[Event "ICC Open 2015"]
[Site "Internet Chess Club"]
[Date "2015.05.30"]
[Round "3"]
[White "DanielDelPaso"]
[Black "DrSteelHammer"]
[Result "1-0"]
[ICCResult "Black checkmated"]
[WhiteElo "2704"]
[BlackElo "3157"]
[Opening "QGD semi-Slav: Stoltz variation"]
[ECO "D45"]
[NIC "SL.08"]
[Time "14:28:23"]
[TimeControl "180+0"]

1. d4 d5 2. c4 e6 3. Nc3 c6 4. e3 Nf6 5. Nf3 Nbd7 6. Qc2 Bd6 7. g4 h6 8. Rg1
e5 9. cxd5 cxd5 10. Bd2 e4 11. Nh4 g6 12. h3 Nb8 13. Nb5 Nc6 14. Nxd6+ Qxd6
15. Ng2 g5 16. Be2 Bd7 17. Qb3 Rc8 18. Rc1 O-O 19. Kf1 Qh2 20. h4 Bxg4 21.
hxg5 hxg5 22. Nf4 Bxe2+ 23. Kxe2 Qxf4 24. exf4 Nxd4+ 25. Ke3 Nf5+ 26. Ke2
Nd4+ 27. Ke3 Nxb3 28. Rxg5+ Kh8 29. Rh1+ Nh7 30. axb3 f6 31. Rxd5 Rcd8 32.
Rdh5 Rf7 33. Bc3 Kg8 34. Kxe4 Rg7 35. Rc5 b6 36. Rc6 Rf8 37. Kf5 Rd7 38. Re1
Kf7 39. Ree6 Rd5+ 40. Ke4 Rb5 41. Bxf6 Re8 42. Rxe8 Kxe8 43. Be5 Nf8 44. Kf5
Rxb3 45. Kf6 Nd7+ 46. Ke6 Nc5+ 47. Kf6 Kd7 48. Rc7+ Kd8 49. Rxa7 Rf3 50. f5
Rxf2 51. b4 Nd3 52. Ke6 Nxe5 53. Kxe5 Rb2 54. f6 Ke8 55. Ke6 Re2+ 56. Kd6
Rb2 57. Ke6 Re2+ 58. Kd6 Re4 59. b5 Rf4 60. Ke5 Rb4 61. Ke6 Re4+ 62. Kd6 Rb4
63. Ke6 Re4+ 64. Kd5 Rb4 65. Kc6 Rf4 66. Kxb6 Rxf6+ 67. Ka5 Rf1 68. Rc7 Ra1+
69. Kb6 Kd8 70. Rc6 Rd1 71. Rc4 Rd7 72. Kc5 Rd6 73. Kxd6 Ke8 74. Rf4 Kd8 75.
Rf8# {Black checkmated} 1-0

[Event "ICC Open 2015"]
[Site "Internet Chess Club"]
[Date "2015.05.30"]
[Round "3"]
[White "RLH2"]
[Black "akibael"]
[Result "1-0"]
[ICCResult "Black resigns"]
[WhiteElo "2835"]
[BlackElo "2403"]
[Opening "Nimzovich-Larsen attack: classical variation"]
[ECO "A01"]
[NIC "VO.08"]
[Time "14:27:49"]
[TimeControl "180+0"]

1. b3 d5 2. Bb2 Nf6 3. Nf3 Nbd7 4. e3 g6 5. c4 c6 6. cxd5 cxd5 7. Nc3 e6 8.
Be2 Bg7 9. Ba3 Bf8 10. Bxf8 Kxf8 11. h4 h6 12. Rc1 a6 13. d4 Kg7 14. Ne5
Nxe5 15. dxe5 Nd7 16. Qd4 Qb6 17. Na4 Qxd4 18. exd4 b5 19. Nc5 Ra7 20. Kd2
Nxc5 21. Rxc5 Bd7 22. Rhc1 Rha8 23. Rc7 h5 24. R1c5 Kf8 25. Ke3 Ke7 26. Kf4
Kd8 27. Rxa7 Rxa7 28. Kg5 Ke7 29. f3 Rb7 30. g4 hxg4 31. fxg4 Ra7 32. h5
gxh5 33. gxh5 Ra8 34. Rc7 Kd8 35. Rb7 Kc8 36. Rb6 Kc7 37. Rd6 Rg8+ 38. Kf6
Rg2 39. Bd3 Rh2 40. Rxa6 Rxh5 41. Ra7+ Kd8 42. a4 bxa4 43. bxa4 Rh3 44. Bb5
Rf3+ 45. Kg7 Bxb5 46. axb5 Rf4 47. b6 Rxd4 48. Ra8+ Ke7 49. b7 Rg4+ 50. Kh6
Rh4+ 51. Kg5 Rb4 52. b8=Q Rxb8 53. Rxb8 {Black resigns} 1-0

[Event "ICC Open 2015"]
[Site "Internet Chess Club"]
[Date "2015.05.30"]
[Round "3"]
[White "Chiraakk"]
[Black "Ramanip15"]
[Result "1-0"]
[ICCResult "Black checkmated"]
[WhiteElo "1612"]
[BlackElo "1813"]
[Opening "Sicilian: Smith-Morra gambit"]
[ECO "B21"]
[NIC "SI.48"]
[Time "14:29:04"]
[TimeControl "180+0"]

1. e4 c5 2. d4 cxd4 3. c3 dxc3 4. Nxc3 d6 5. Nf3 e6 6. Bf4 Nc6 7. Qd2 Nf6 8.
Bc4 Be7 9. O-O O-O 10. Rfd1 e5 11. Bg5 Bg4 12. Bxf6 Bxf6 13. Qe3 Bxf3 14.
Qxf3 Nd4 15. Qd3 Rc8 16. Nb5 Nxb5 17. Bxb5 Be7 18. Qb3 Qb6 19. Rd3 Rc5 20.
Bc4 Qxb3 21. Bxb3 Rfc8 22. g3 b5 23. Rf3 Rf8 24. Rd1 a5 25. a4 g6 26. Rd2
bxa4 27. Bxa4 Rc4 28. Bc2 Rfc8 29. Bb3 Rc1+ 30. Kg2 Rf8 31. Rd5 Rc5 32. Rxc5
dxc5 33. Rd3 Rb8 34. Rd7 Kf8 35. Bd5 Rxb2 36. Ra7 Rb5 37. Ra8+ Kg7 38. Ra7
Kf6 39. Ra6+ Kg5 40. Ra7 Bf6 41. Rxf7 a4 42. h4+ Kh6 43. Rxf6 a3 44. Bg8 a2
45. Rf7 Kh5 46. Rxh7+ Kg4 47. f3# {Black checkmated} 1-0

[Event "ICC Open 2015"]
[Site "Internet Chess Club"]
[Date "2015.05.30"]
[Round "3"]
[White "maki89"]
[Black "regenmaker"]
[Result "1-0"]
[ICCResult "Black forfeits on time"]
[WhiteElo "2381"]
[BlackElo "1851"]
[Opening "Trompowsky attack (Ruth, Opocenský opening)"]
[ECO "A45"]
[NIC "QP.07"]
[Time "14:29:19"]
[TimeControl "180+0"]

1. d4 Nf6 2. Bg5 d5 3. e3 Bg4 4. f3 Bh5 5. Ne2 e6 6. Nf4 Bg6 7. Nc3 Be7 8.
h4 Nh5 9. Bxe7 Qxe7 10. Nxg6 hxg6 11. Kf2 Qb4 12. Rb1 Nd7 13. Be2 Qd6 14. f4
Ndf6 15. g3 c6 16. Qd3 b5 17. Rbf1 b4 18. Na4 Ne4+ 19. Ke1 Nhxg3 20. Rfg1
Nxh1 21. Rxh1 Ng3 22. Rh3 Ne4 23. Bf3 f5 24. Qa6 Qc7 25. Bxe4 dxe4 26. Nc5
Qe7 27. Qxc6+ Kf7 28. Nd7 Rac8 29. Ne5+ Kf6 30. Qb5 Rxc2 31. Rg3 Rh6 32. Qb8
b3 33. axb3 Rc7 34. Kf1 Rb7 35. Qg8 Rxb3 36. h5 Rxb2 37. hxg6 Rh1+ 38. Rg1
Rb1+ 39. Kf2 Rhxg1 40. Qf7+ Qxf7 41. Ng4+ {Black forfeits on time} 1-0

[Event "ICC Open 2015"]
[Site "Internet Chess Club"]
[Date "2015.05.30"]
[Round "3"]
[White "unkavalo"]
[Black "Art"]
[Result "0-1"]
[ICCResult "White forfeits on time"]
[WhiteElo "2513"]
[BlackElo "2310"]
[Opening "Caro-Kann: anti-anti-Caro-Kann defense"]
[ECO "A11"]
[NIC "EO.64"]
[Time "14:27:38"]
[TimeControl "180+0"]

1. c4 c6 2. e4 d5 3. exd5 cxd5 4. cxd5 Nf6 5. Qa4+ Nbd7 6. Nc3 g6 7. Bc4 Bg7
8. d3 O-O 9. Nf3 a6 10. Qa3 Nb6 11. Qb3 Ne8 12. O-O Nd6 13. Be3 Nd7 14. a4
Qc7 15. Rfe1 Nc5 16. Bxc5 Qxc5 17. a5 Bg4 18. Ne5 Bf5 19. Na4 Qd4 20. Nf3
Qf6 21. Qc3 Rac8 22. Qxf6 Bxf6 23. Rac1 Kg7 24. b3 Bg4 25. Ne5 Bf5 26. Nb6
Rc7 27. h3 h5 28. Rc2 Rd8 29. Rce2 Nb5 30. g4 hxg4 31. hxg4 Bxe5 32. gxf5
Bf6 33. fxg6 Kxg6 34. Re3 Rg8 35. Rg3+ Kh7 36. Kg2 Rxg3+ 37. Kxg3 Kg7 38.
Rg1 Nd6 39. Kf4+ Kf8 40. f3 Bd4 41. Rg2 Bc3 42. Rg4 Bxa5 43. Na4 Bd2+ 44.
Kg3 b5 45. Nb2 bxc4 46. dxc4 Bc3 47. Nd3 a5 48. Rh4 Nf5+ 49. Kg4 Nxh4 50.
Kxh4 a4 51. bxa4 Rxc4+ 52. Kg3 Rxa4 53. d6 Bd4 54. f4 Ra8 55. dxe7+ Kxe7 56.
Kf3 Ra3 57. Ke4 Rxd3 58. Kxd3 Bf6 59. Ke4 Ke6 60. f5+ Kd6 61. Kf4 Ke7 62.
Kg4 Bb2 63. Kf4 f6 64. Ke4 Kf7 65. Kf4 Kg7 66. Ke4 Be5 67. Kf3 Kh6 68. Kg4
Kh7 69. Kh4 Kg8 70. Kg4 Kf7 71. Kh4 Ke7 72. Kg4 Kd6 73. Kh4 Kd5 74. Kg4 Ke4
75. Kh3 Kxf5 76. Kg2 Kg6 77. Kh1 f5 78. Kg2 f4 79. Kf3 Kf5 80. Kg2 Ke4
{White forfeits on time}
0-1

[Event "ICC Open 2015"]
[Site "Internet Chess Club"]
[Date "2015.05.30"]
[Round "3"]
[White "Tomorrowlan"]
[Black "Mastercito"]
[Result "1-0"]
[ICCResult "Black resigns"]
[WhiteElo "2862"]
[BlackElo "1965"]
[Opening "King's Indian: orthodox, Aronin-Taimanov, 9.Ne1"]
[ECO "E98"]
[NIC "KI.03"]
[Time "14:32:30"]
[TimeControl "180+0"]

1. d4 d6 2. Nf3 Nf6 3. c4 g6 4. Nc3 Bg7 5. e4 O-O 6. Be2 e5 7. O-O Nc6 8. d5
Ne7 9. Ne1 Ne8 10. Nd3 f5 11. f4 h6 12. fxe5 dxe5 13. Nc5 f4 14. Bg4 b6 15.
Bxc8 bxc5 16. Be6+ Kh7 17. b3 Nd6 18. Ba3 Nb7 19. Qd2 g5 20. Na4 Rf6 21. Qf2
Ng6 22. Nxc5 Nxc5 23. Bxc5 h5 24. Qe2 g4 25. h3 f3 26. gxf3 Nf4 27. Qh2 gxh3
28. Bf5+ Kh8 29. Kh1 Bf8 30. Be3 Bd6 31. Rg1 Ng2 32. Rxg2 hxg2+ 33. Qxg2 Qf8
34. Rg1 Qf7 35. c5 Be7 36. b4 a6 37. Bg5 Rxf5 38. exf5 Rg8 39. f6 Bf8 40.
Qh3 Kh7 41. Qf5+ Qg6 42. Qd7+ Kh8 43. Qe6 Bh6 44. Be3 Qh7 45. Rxg8+ Qxg8 46.
f7 Qf8 47. Qxh6+ Qxh6 48. Bxh6 {Black resigns} 1-0

[Event "ICC Open 2015"]
[Site "Internet Chess Club"]
[Date "2015.05.30"]
[Round "4"]
[White "DreamCrusher"]
[Black "chessersizing"]
[Result "1-0"]
[ICCResult "Black resigns"]
[WhiteElo "1833"]
[BlackElo "1610"]
[Opening "English: symmetrical, main line with d4"]
[ECO "A39"]
[NIC "EO.26"]
[Time "14:38:36"]
[TimeControl "180+0"]

1. c4 Nf6 2. Nc3 c5 3. g3 g6 4. Bg2 Bg7 5. Nf3 O-O 6. O-O Nc6 7. d4 cxd4 8.
Nxd4 Qc7 9. Ndb5 Qb6 10. Bf4 a6 11. Bc7 Qc5 12. Na3 d6 13. Rb1 Be6 14. b4
Qa7 15. b5 axb5 16. Naxb5 Qc5 17. a4 Bxc4 18. Re1 Bxb5 19. Nxb5 Rxa4 20.
Qxa4 {Black resigns} 1-0

[Event "ICC Open 2015"]
[Site "Internet Chess Club"]
[Date "2015.05.30"]
[Round "4"]
[White "LUCECOAGU"]
[Black "Chisel"]
[Result "0-1"]
[ICCResult "White resigns"]
[WhiteElo "2352"]
[BlackElo "1786"]
[Opening "Ruy Lopez: exchange variation, 5.O-O"]
[ECO "C68"]
[NIC "RL.08"]
[Time "14:39:14"]
[TimeControl "180+0"]

1. e4 e5 2. Nf3 Nc6 3. Bb5 a6 4. Bxc6 dxc6 5. O-O Bg4 6. h3 Bh5 7. g4 Bg6 8.
Nxe5 f6 9. Nxg6 hxg6 10. Qf3 Qd7 11. d3 g5 12. Kg2 Ne7 13. Nc3 Ng6 14. e5
Nh4+ {White resigns} 0-1

[Event "ICC Open 2015"]
[Site "Internet Chess Club"]
[Date "2015.05.30"]
[Round "4"]
[White "la8pv"]
[Black "MadMad"]
[Result "1-0"]
[ICCResult "Black checkmated"]
[WhiteElo "1831"]
[BlackElo "1411"]
[Opening "Bird's opening"]
[ECO "A02"]
[NIC "VO.07"]
[Time "14:38:46"]
[TimeControl "180+0"]

1. f4 c5 2. Nf3 g6 3. e3 Bg7 4. Be2 Nc6 5. O-O Nf6 6. Qe1 O-O 7. d3 d5 8.
Nbd2 Re8 9. Qh4 b6 10. Ne5 Bb7 11. Ndf3 e6 12. Ng5 h6 13. Ngxf7 Qe7 14.
Nxh6+ Kf8 15. Nxg6# {Black checkmated} 1-0

[Event "ICC Open 2015"]
[Site "Internet Chess Club"]
[Date "2015.05.30"]
[Round "4"]
[White "VictorRed"]
[Black "Knight83"]
[Result "1-0"]
[ICCResult "Black checkmated"]
[WhiteElo "1790"]
[BlackElo "1248"]
[Opening "Queen's pawn game"]
[ECO "D02"]
[NIC "QP.08"]
[Time "14:39:03"]
[TimeControl "180+0"]

1. d4 d5 2. Nf3 c6 3. g3 Nf6 4. Bg2 e6 5. O-O Nbd7 6. Nc3 Be7 7. Re1 O-O 8.
e4 dxe4 9. Nxe4 Nd5 10. c4 N5f6 11. Nc3 a6 12. b3 Nb6 13. Bb2 Nbd7 14. Qd3
Re8 15. Rad1 c5 16. d5 exd5 17. cxd5 Nb6 18. Re2 Qc7 19. Rde1 Bg4 20. Ne4
Nfxd5 21. Neg5 Bxg5 22. Rxe8+ Rxe8 23. Rxe8# {Black checkmated} 1-0

[Event "ICC Open 2015"]
[Site "Internet Chess Club"]
[Date "2015.05.30"]
[Round "4"]
[White "DarkBlue"]
[Black "bjerky"]
[Result "1-0"]
[ICCResult "Black resigns"]
[WhiteElo "1959"]
[BlackElo "1668"]
[Opening "English opening"]
[ECO "A05"]
[NIC "KI.79"]
[Time "14:39:53"]
[TimeControl "180+0"]

1. Nf3 Nf6 2. c4 g6 3. g3 Bg7 4. Bg2 O-O 5. O-O d6 6. d4 h6 7. Nc3 Nc6 8. b3
e5 9. dxe5 Nxe5 10. Nxe5 dxe5 11. Ba3 Re8 12. Nd5 c6 13. Ne7+ Kh7 14. Nxc8
Rxc8 15. Bh3 Rc7 16. Qc2 c5 17. Rad1 b6 18. Rxd8 Rxd8 19. Rd1 {Black
resigns} 1-0

[Event "ICC Open 2015"]
[Site "Internet Chess Club"]
[Date "2015.05.30"]
[Round "4"]
[White "Ernani"]
[Black "gannikus1992"]
[Result "0-1"]
[ICCResult "White resigns"]
[WhiteElo "2676"]
[BlackElo "2320"]
[Opening "Réti opening"]
[ECO "A04"]
[NIC "QP.11"]
[Time "14:39:58"]
[TimeControl "180+0"]

1. Nf3 g6 2. c4 Bg7 3. g3 e5 4. d4 exd4 5. Nxd4 Nc6 6. Nxc6 bxc6 7. Bg2 Ne7
8. O-O O-O 9. Qc2 Rb8 10. Nd2 d5 11. Rb1 Bf5 12. e4 dxe4 13. Bxe4 Qd7 14.
Nf3 Bxe4 15. Qxe4 Nf5 16. Bf4 Rxb2 17. Rxb2 Bxb2 18. Rd1 Qxd1+ {White
resigns} 0-1

[Event "ICC Open 2015"]
[Site "Internet Chess Club"]
[Date "2015.05.30"]
[Round "4"]
[White "Lilinstein"]
[Black "GeneraLisimus"]
[Result "0-1"]
[ICCResult "White resigns"]
[WhiteElo "2583"]
[BlackElo "3227"]
[Opening "Sicilian: accelerated fianchetto, modern variation with Bc4"]
[ECO "B35"]
[NIC "SI.33"]
[Time "14:39:56"]
[TimeControl "180+0"]

1. e4 c5 2. Nf3 Nc6 3. d4 cxd4 4. Nxd4 g6 5. Nc3 Bg7 6. Be3 Nf6 7. Bc4 O-O
8. Bb3 d6 9. h3 Na5 10. O-O b6 11. Re1 Nxb3 12. axb3 Bb7 13. Bg5 Re8 14. Qd3
Nd7 15. Nd5 h6 16. Bh4 Nc5 17. Qf3 Bxd4 18. c3 Bg7 19. b4 Nd7 20. Qe3 g5 21.
Bg3 e6 {White resigns} 0-1

[Event "ICC Open 2015"]
[Site "Internet Chess Club"]
[Date "2015.05.30"]
[Round "4"]
[White "MoonlightWizard"]
[Black "xionoula"]
[Result "1-0"]
[ICCResult "Black resigns"]
[WhiteElo "2950"]
[BlackElo "2186"]
[Opening "French: Winawer, advance variation"]
[ECO "C16"]
[NIC "FR.09"]
[Time "14:39:15"]
[TimeControl "180+0"]

1. e4 e6 2. d4 d5 3. Nc3 Bb4 4. e5 b6 5. Bd2 Ba6 6. Nb5 Bxd2+ 7. Qxd2 Qd7 8.
a4 Ne7 9. Nf3 O-O 10. Bd3 c6 11. Nd6 Bxd3 12. Qxd3 Nc8 13. Nxc8 Rxc8 14. Ng5
g6 15. Qh3 h5 16. g4 hxg4 17. Qh6 c5 18. Nh7 {Black resigns} 1-0

[Event "ICC Open 2015"]
[Site "Internet Chess Club"]
[Date "2015.05.30"]
[Round "4"]
[White "outubro2"]
[Black "Cramagica"]
[Result "1-0"]
[ICCResult "Black checkmated"]
[WhiteElo "1589"]
[BlackElo "1195"]
[Opening "Four knights: Italian variation"]
[ECO "C55"]
[NIC "IG.01"]
[Time "14:39:13"]
[TimeControl "180+0"]

1. e4 e5 2. Nf3 Nc6 3. Bc4 Nf6 4. Nc3 Bb4 5. d3 Bxc3+ 6. bxc3 O-O 7. O-O d6
8. Bg5 h6 9. Bh4 g5 10. Nxg5 hxg5 11. Bxg5 Kg7 12. f4 Rg8 13. fxe5 dxe5 14.
Bxf6+ Qxf6 15. Rxf6 Kxf6 16. Qf3+ Ke7 17. Qxf7+ Kd8 18. Qxg8+ Ke7 19. Qf7+
Kd6 20. Qd5+ Ke7 21. Rf1 Bg4 22. Rf7+ Ke8 23. Rxc7 Rd8 24. Qg8#
{Black checkmated}
1-0

[Event "ICC Open 2015"]
[Site "Internet Chess Club"]
[Date "2015.05.30"]
[Round "4"]
[White "Hareaum"]
[Black "cirobur"]
[Result "1-0"]
[ICCResult "Black resigns"]
[WhiteElo "1760"]
[BlackElo "1114"]
[Opening "Ruy Lopez: old Steinitz defense"]
[ECO "C62"]
[NIC "RL.02"]
[Time "14:40:16"]
[TimeControl "180+0"]

1. e4 e5 2. Nf3 Nc6 3. Bb5 d6 4. d4 exd4 5. Nxd4 Bd7 6. Bxc6 Bxc6 7. Nxc6
bxc6 8. O-O Nf6 9. e5 Nd5 10. c4 Nb6 11. b3 dxe5 12. Qf3 f6 13. Nc3 Bc5 14.
Qxc6+ Qd7 15. Qxc5 Qd6 16. Qxd6 cxd6 17. Ba3 Kd7 18. Nb5 a6 19. Nxd6 Nc8 20.
Rad1 {Black resigns} 1-0

[Event "ICC Open 2015"]
[Site "Internet Chess Club"]
[Date "2015.05.30"]
[Round "4"]
[White "SPARNALIQ"]
[Black "Discoverchess"]
[Result "1-0"]
[ICCResult "Black checkmated"]
[WhiteElo "2807"]
[BlackElo "2464"]
[Opening "French: Steinitz, Boleslavsky variation"]
[ECO "C11"]
[NIC "FR.04"]
[Time "14:39:46"]
[TimeControl "180+0"]

1. e4 e6 2. d4 d5 3. Nc3 Nf6 4. e5 Nfd7 5. f4 c5 6. Nf3 Nc6 7. Be3 Be7 8.
Qd2 O-O 9. dxc5 Nxc5 10. O-O-O a6 11. Qf2 b6 12. Kb1 Qc7 13. g4 f6 14. Qg3
fxe5 15. Nxe5 Bb7 16. Bg2 Bd6 17. Nxd5 exd5 18. Bxd5+ Kh8 19. Ng6+ hxg6 20.
Qh3# {Black checkmated} 1-0

[Event "ICC Open 2015"]
[Site "Internet Chess Club"]
[Date "2015.05.30"]
[Round "4"]
[White "TheLoneKing1"]
[Black "Palenque"]
[Result "0-1"]
[ICCResult "White resigns"]
[WhiteElo "1936"]
[BlackElo "1717"]
[Opening "Philidor: Improved Hanham variation"]
[ECO "B07"]
[NIC "PU.08"]
[Time "14:39:18"]
[TimeControl "180+0"]

1. e4 d6 2. d4 Nf6 3. Nc3 e5 4. Nf3 Nbd7 5. h3 Be7 6. Be3 O-O 7. Qd2 c6 8.
O-O-O Qc7 9. g4 b5 10. g5 Ne8 11. Bd3 a5 12. h4 a4 13. h5 b4 14. Ne2 c5 15.
dxc5 Nxc5 16. Kb1 Be6 17. Qxb4 Rb8 18. Qc3 Nxd3 19. Rxd3 Qb7 20. Rhd1 Nc7
21. Bc1 Nb5 22. Qb3 axb3 {White resigns} 0-1

[Event "ICC Open 2015"]
[Site "Internet Chess Club"]
[Date "2015.05.30"]
[Round "4"]
[White "GulkovIgor"]
[Black "Sc6"]
[Result "1-0"]
[ICCResult "Black resigns"]
[WhiteElo "2350"]
[BlackElo "1740"]
[Opening "King's Indian: 6.Be2"]
[ECO "E91"]
[NIC "KI.19"]
[Time "14:38:39"]
[TimeControl "180+0"]

1. Nf3 Nf6 2. c4 g6 3. Nc3 Bg7 4. e4 d6 5. d4 O-O 6. Be2 Nbd7 7. O-O Re8 8.
e5 dxe5 9. dxe5 Ng4 10. e6 Nde5 11. exf7+ Nxf7 12. h3 Nge5 13. Bf4 Bd7 14.
Qb3 Qc8 15. Rad1 Bxh3 16. gxh3 Qxh3 17. Qxb7 Rab8 18. Qe4 Nd6 19. Qe3 Ng4
20. Qe6+ Kh8 21. Nh2 Nf5 22. Bxg4 {Black resigns} 1-0

[Event "ICC Open 2015"]
[Site "Internet Chess Club"]
[Date "2015.05.30"]
[Round "4"]
[White "a-rubinstein"]
[Black "Dictator"]
[Result "0-1"]
[ICCResult "White resigns"]
[WhiteElo "2137"]
[BlackElo "2634"]
[Opening "Grünfeld with Bf4 & e3"]
[ECO "D93"]
[NIC "GI.07"]
[Time "14:39:03"]
[TimeControl "180+0"]

1. d4 Nf6 2. c4 g6 3. Nc3 d5 4. Nf3 Bg7 5. Bf4 O-O 6. e3 c5 7. dxc5 Nbd7 8.
cxd5 Qa5 9. Qd2 Nxc5 10. Be5 Nb3 11. axb3 Qxa1+ 12. Nd1 Ne4 13. Qb4 Bxe5 14.
Nxe5 Nxf2 15. Kxf2 Qxd1 16. Qxe7 Qxd5 17. Bc4 Qd2+ 18. Kf3 Be6 {White
resigns} 0-1

[Event "ICC Open 2015"]
[Site "Internet Chess Club"]
[Date "2015.05.30"]
[Round "4"]
[White "want2win"]
[Black "BigSerge"]
[Result "0-1"]
[ICCResult "White resigns"]
[WhiteElo "2386"]
[BlackElo "1991"]
[Opening "Réti opening"]
[ECO "A05"]
[NIC "QP.11"]
[Time "14:39:40"]
[TimeControl "180+0"]

1. Nf3 Nf6 2. g3 d6 3. Bg2 g6 4. O-O Bg7 5. e4 O-O 6. Nc3 Nc6 7. d4 e5 8.
dxe5 dxe5 9. Be3 Qe7 10. Nd5 Nxd5 11. Qxd5 Be6 12. Qb5 Rab8 13. c3 a6 14.
Qa4 Rfd8 15. Rfd1 h6 16. Rxd8+ Rxd8 17. Rd1 Rd7 18. Rxd7 Qxd7 19. Nd2 Qd3
20. Bf1 Qd6 21. Nc4 Qd7 22. Na5 b5 23. Qa3 Qd1 24. b3 Nxa5 25. Qxa5 Bh3
{White resigns}
0-1

[Event "ICC Open 2015"]
[Site "Internet Chess Club"]
[Date "2015.05.30"]
[Round "4"]
[White "ALexiz"]
[Black "lemanofzorn"]
[Result "1-0"]
[ICCResult "Black checkmated"]
[WhiteElo "1809"]
[BlackElo "1441"]
[Opening "QGD Slav defense"]
[ECO "D10"]
[NIC "SL.01"]
[Time "14:39:17"]
[TimeControl "180+0"]

1. d4 d5 2. c4 c6 3. g3 Nf6 4. Bg2 Bf5 5. Nf3 e6 6. O-O dxc4 7. Ne5 Be4 8.
f3 Bg6 9. Nxc4 Qd5 10. Ne5 c5 11. f4 cxd4 12. Bxd5 Nxd5 13. Nxg6 hxg6 14.
Qxd4 Nd7 15. Qa4 Bc5+ 16. Kg2 b6 17. e4 Ne3+ 18. Bxe3 Bxe3 19. Rd1 Rd8 20.
Nc3 Ke7 21. Qxa7 Bc5 22. Rd3 Kf6 23. Rxd7 Rxd7 24. Qxd7 Ra8 25. Kf3 b5 26.
e5+ Kf5 27. Qxf7# {Black checkmated} 1-0

[Event "ICC Open 2015"]
[Site "Internet Chess Club"]
[Date "2015.05.30"]
[Round "4"]
[White "Agilemaster"]
[Black "maki89"]
[Result "0-1"]
[ICCResult "White resigns"]
[WhiteElo "2019"]
[BlackElo "2385"]
[Opening "Robatsch defense"]
[ECO "B06"]
[NIC "KF.05"]
[Time "14:38:46"]
[TimeControl "180+0"]

1. e4 g6 2. d4 Bg7 3. Nc3 c6 4. Be3 d5 5. Qd2 Nf6 6. f3 dxe4 7. Nxe4 Nbd7 8.
Bh6 Bxh6 9. Qxh6 Nxe4 10. fxe4 Nf6 11. O-O-O Qa5 12. Kb1 Nxe4 13. Qe3 Nf6
14. Nf3 Be6 15. b3 O-O-O 16. Ne5 Nd5 17. Qf3 Nc3+ 18. Kb2 Nxd1+ 19. Qxd1
Qxe5 {White resigns} 0-1

[Event "ICC Open 2015"]
[Site "Internet Chess Club"]
[Date "2015.05.30"]
[Round "4"]
[White "paraguayo"]
[Black "unkavalo"]
[Result "0-1"]
[ICCResult "White resigns"]
[WhiteElo "1734"]
[BlackElo "2513"]
[Opening "Caro-Kann: Tartakower (Nimzovich) variation"]
[ECO "B15"]
[NIC "CK.06"]
[Time "14:39:05"]
[TimeControl "180+0"]

1. e4 c6 2. d4 d5 3. Nc3 dxe4 4. Nxe4 Nf6 5. Nxf6+ exf6 6. c3 Bd6 7. Bd3 O-O
8. Be3 Re8 9. Nf3 Bg4 10. h3 Bh5 11. g4 Bg6 12. Bxg6 hxg6 13. Qd2 Qa5 14.
Kf1 Nd7 15. Kg2 Nb6 16. h4 Re4 17. Nh2 Bxh2 18. Rxh2 Rxg4+ 19. Kh1 Qd5+ 20.
f3 Qxf3+ 21. Rg2 Rxg2 22. Qxg2 Qxe3 {White resigns} 0-1

[Event "ICC Open 2015"]
[Site "Internet Chess Club"]
[Date "2015.05.30"]
[Round "4"]
[White "krankenstein"]
[Black "Steingrim89"]
[Result "0-1"]
[ICCResult "White checkmated"]
[WhiteElo "1092"]
[BlackElo "1586"]
[Opening "Queen's pawn game"]
[ECO "A45"]
[NIC "QP.07"]
[Time "14:38:38"]
[TimeControl "180+0"]

1. d4 Nf6 2. h3 g6 3. Nf3 Bg7 4. Bf4 O-O 5. e3 d5 6. Bd3 c6 7. O-O e6 8.
Nbd2 Nh5 9. Bh2 Nd7 10. Be2 Nhf6 11. Ne5 Nxe5 12. dxe5 Nd7 13. f4 b5 14. b4
a5 15. a3 Bb7 16. Qe1 Qb6 17. Bd3 c5 18. bxa5 Rxa5 19. Nb3 Ra7 20. c3 c4 21.
Bxg6 hxg6 22. Nd4 Rfa8 23. Qc1 Nc5 24. Rb1 Bc6 25. Nxc6 Qxc6 26. Ra1 Nb3 27.
Qe1 Nxa1 28. Qxa1 Rxa3 29. Qe1 Qc5 30. Qg3 Rxc3 31. Kh1 Rxe3 32. Bg1 Rxg3
33. Bxc5 Ra2 34. Kh2 Rgxg2+ 35. Kh1 Rh2+ 36. Kg1 Rag2# {White checkmated}
0-1

[Event "ICC Open 2015"]
[Site "Internet Chess Club"]
[Date "2015.05.30"]
[Round "4"]
[White "JRussell2"]
[Black "Govindan"]
[Result "1-0"]
[ICCResult "Black resigns"]
[WhiteElo "1282"]
[BlackElo "1531"]
[Opening "Ruy Lopez: old Steinitz defense"]
[ECO "C62"]
[NIC "RL.02"]
[Time "14:38:39"]
[TimeControl "180+0"]

1. e4 e5 2. Nf3 Nc6 3. Bb5 d6 4. d4 exd4 5. Nxd4 Bd7 6. Nxc6 bxc6 7. Bd3 Nf6
8. Nc3 Be7 9. Bg5 O-O 10. O-O h6 11. Bxf6 Bxf6 12. Qf3 Re8 13. Rab1 Rb8 14.
Rfe1 Be5 15. Qe3 Qf6 16. Qxa7 Bxc3 17. bxc3 Ra8 18. Qxc7 Red8 19. Rb3 c5 20.
Reb1 Be6 21. Rb8 Rdxb8 22. Rxb8+ Rxb8 23. Qxb8+ Kh7 24. e5+ Bf5 25. exf6
Bxd3 26. cxd3 gxf6 27. Qxd6 {Black resigns} 1-0

[Event "ICC Open 2015"]
[Site "Internet Chess Club"]
[Date "2015.05.30"]
[Round "4"]
[White "abdrman"]
[Black "Ira57"]
[Result "0-1"]
[ICCResult "White resigns"]
[WhiteElo "1272"]
[BlackElo "1952"]
[Opening "QGD: Charousek (Petrosian) variation"]
[ECO "D31"]
[NIC "QO.17"]
[Time "14:38:55"]
[TimeControl "180+0"]

1. d4 e6 2. c4 d5 3. Nc3 Be7 4. e3 Nf6 5. Bd3 O-O 6. Nf3 b6 7. O-O Bb7 8.
cxd5 Nxd5 9. a3 Nd7 10. Bd2 c5 11. Rc1 Rc8 12. Qa4 a6 13. Bxa6 Ra8 14. Qb5
Bxa6 15. Qb3 Bxf1 16. Rxf1 Qb8 17. Ne4 h6 18. g3 Rc8 19. Ne1 Qb7 20. f3 b5
21. dxc5 Nxc5 22. Nxc5 Bxc5 23. Nd3 Bxe3+ 24. Bxe3 Nxe3 25. Rf2 Qd5 26. Qxd5
Nxd5 {White resigns} 0-1

[Event "ICC Open 2015"]
[Site "Internet Chess Club"]
[Date "2015.05.30"]
[Round "4"]
[White "Ricotero"]
[Black "plotkin"]
[Result "1-0"]
[ICCResult "Black resigns"]
[WhiteElo "2052"]
[BlackElo "2321"]
[Opening "Petrov: Damiano variation"]
[ECO "C42"]
[NIC "RG.03"]
[Time "14:39:33"]
[TimeControl "180+0"]

1. e4 e5 2. Nf3 Nf6 3. Nxe5 Nxe4 4. d4 Qe7 5. Bd3 d6 6. Bxe4 dxe5 7. O-O
exd4 8. Re1 Kd8 9. Bxb7 Qxe1+ 10. Qxe1 Bxb7 11. Bf4 Be7 12. Qe5 Na6 13.
Qxd4+ Kc8 14. Qxg7 Rd8 15. Nc3 Bc6 16. Qxf7 Bb4 17. a3 Bc5 18. b4 Bd4 19.
Qe6+ Kb7 20. b5 Bxb5 21. Qb3 Bxc3 22. Qxb5+ Kc8 23. Qxa6+ {Black resigns}
1-0

[Event "ICC Open 2015"]
[Site "Internet Chess Club"]
[Date "2015.05.30"]
[Round "4"]
[White "akibael"]
[Black "ElFenomeno"]
[Result "1-0"]
[ICCResult "Black resigns"]
[WhiteElo "2406"]
[BlackElo "1985"]
[Opening "Réti: King's Indian attack"]
[ECO "A05"]
[NIC "QP.11"]
[Time "14:40:12"]
[TimeControl "180+0"]

1. Nf3 Nf6 2. g3 g6 3. Bg2 Bg7 4. O-O d6 5. d4 O-O 6. Nc3 c5 7. e4 cxd4 8.
Nxd4 Bd7 9. h3 Nc6 10. Be3 Rc8 11. Qd2 Ne5 12. b3 a6 13. f4 Nc6 14. Rac1 b5
15. Rfd1 b4 16. Nd5 Nxd5 17. exd5 Nxd4 18. Bxd4 a5 19. c4 bxc3 20. Rxc3 Rxc3
21. Qxc3 Qc8 22. Bxg7 Bxh3 {Black resigns} 1-0